 Dungeon Crawl Stone Soup version 0.19-a0-1891-ge1d1fe8 (webtiles) character file.

1353 Infinimo the Destroyer (level 8, -7/52 HPs)
             Began as a Demonspawn Wizard on Oct 18, 2016.
             Mangled by a wyvern skeleton (13 damage)
             ... on level 5 of the Dungeon.
             The game lasted 00:17:24 (7825 turns).

Infinimo the Destroyer (Demonspawn Wizard)          Turns: 7825, Time: 00:17:24

Health: -7/52      AC:  5    Str:  7    XL:     8   Next: 36%
Magic:  4/15       EV: 12    Int: 23    God:
Gold:   259        SH:  4    Dex: 11    Spells: 5 memorised, 6 levels left

rFire  . . .     SeeInvis .     t - +2 dagger (vamp)
rCold  + . .     Gourm    .     a - +0 robe
rNeg   . . .     Faith    +     r - +0 buckler
rPois  .         Spirit   .     b - +0 hat
rElec  .         Reflect  .     (no cloak)
rCorr  .         Harm     .     (no gloves)
MR     .....                    (no boots)
Stlth  +++.......               m - amulet of faith
                                (no ring)
                                j - ring of protection from cold

@: no status effects
A: horns 1, thin metallic scales 2, nightstalker 1, powered by death 1
a: no special abilities


You were on level 5 of the Dungeon.
You were not hungry.

You visited 1 branch of the dungeon, and saw 5 of its levels.

You collected 259 gold pieces.

Inventory:

Hand Weapons
 t - a +2 vampiric dagger (weapon)
Armour
 a - a +0 robe (worn)
 b - a +0 hat (worn)
 r - a +0 buckler (worn)
Jewellery
 f - an uncursed ring of wizardry {unknown}
 j - a ring of protection from cold (left hand)
 m - an amulet of faith (around neck)
 w - an uncursed amulet of rage {unknown}
Wands
 e - a wand of lightning (15/15)
Scrolls
 i - 2 scrolls of amnesia
 p - a scroll of remove curse
 s - 2 scrolls of identify
Potions
 k - 2 potions of cancellation
 l - a potion of degeneration
 n - 2 potions of flight {unknown}
 u - a potion of lignification {unknown}
 v - 2 potions of mutation {unknown}
 x - a potion of agility {unknown}
Books
 c - a book of Minor Magic

   Spells                             Type                      Level
   a - Magic Dart                     Conjuration                  1
   b - Blink                          Translocation                2
   c - Call Imp                       Summoning                    2
   d - Repel Missiles                 Charms/Air                   2
   e - Slow                           Hexes                        2
   f - Conjure Flame                  Conjuration/Fire             3
   g - Mephitic Cloud                 Conjuration/Poison/Air       3
Comestibles
 d - 2 bread rations
 g - 3 beef jerkies
 h - 6 fruits
 o - 6 chunks of flesh
 q - a slice of pizza


   Skills:
 - Level 1.7 Dodging
 - Level 1.7 Stealth
 + Level 4.1 Shields
 - Level 5.0 Spellcasting
 - Level 8.0 Conjurations
   Level 1.0 Summonings
 - Level 0.8 Translocations


You had 6 spell levels left.
You knew the following spells:

 Your Spells              Type           Power        Failure   Level  Hunger
a - Magic Dart            Conj           ####         1%          1    None
b - Blink                 Tloc           N/A          12%         2    None
c - Conjure Flame         Conj/Fire      ###.....     8%          3    ##.....
d - Repel Missiles        Chrm/Air       #.....       17%         2    None
e - Mephitic Cloud        Conj/Pois/Air  ###.....     12%         3    ##.....


Dungeon Overview and Level Annotations

Branches:
Dungeon (5/15)
 Temple: D:4-7

Altars:
Xom
Yredelemnul
Zin
The Shining One

Annotations:
D:3 Banto's ghost, amateur HESk
D:4 Menkaure
D:5 Naow's ghost, novice FoFi


Innate Abilities, Weirdness & Mutations

You have a pair of small horns on your head.
You are mostly covered in thin metallic scales. (AC +3)
You are slightly more attuned to the shadows.
You regenerate a little health from kills.


Message History

You kill the ogre!
Your Shields skill increases to level 4!
Casting: Magic Dart
Confirm with . or Enter, or press ? or * to list all spells.
Aiming: Magic Dart
Press: ? - help, Shift-Dir - straight line, f - Naow's ghost
Aim: Naow's ghost The magic dart hits Naow's ghost.
Naow's ghost barely misses you. Naow's ghost hits you!!
The wyvern skeleton bites you!
* * * LOW HITPOINT WARNING * * *
You block the wyvern skeleton's attack.
Casting: Magic Dart
Confirm with . or Enter, or press ? or * to list all spells.
You blink.
As you read the scroll labeled VEULOKHL ONATU, it crumbles to dust.
It is a scroll of recharging.
Charge which item? (? for menu, Esc to quit)
Your wand of lightning glows for a moment.
The wyvern skeleton bites you!
You die...

#.........#'#..........#
##.....................###
#.....................+.#
#.....................#.#
#...........###########.#
#...........# #.#
#.........W.# #######.#
#######.##Z## #(......#
#.##@######.#######
#..#..........#
##.#...>...)..#
####.#..........#
#...............#
#......####'#####
#...........#
#......###### #........#
#####


You could see Naow's ghost and a wyvern skeleton.

Vanquished Creatures
  Grinder (D:5)
  An ogre (D:5)
  A centaur (D:5)
  4 big kobolds
  The ghost of Leszczynek the Poker, a weakling MfWr (D:4)
  A howler monkey (D:4)
  A bullfrog zombie (D:5)
  3 orc priests
  3 orc wizards
  Jessica (D:2)
  Ijyb (D:2)
  A worker ant (D:3)
  11 gnolls
  8 adders
  5 oozes
  An adder zombie (D:5)
  2 worms
  2 dart slugs (D:2)
  5 leopard geckos
  17 orcs
  A ball python (D:2)
  8 giant cockroaches
  10 goblins
  8 hobgoblins
  7 jackals
  3 quokkas
  A ball python skeleton (D:4)
  13 bats
  5 frilled lizards
  28 kobolds
  8 rats
162 creatures vanquished.

Notes
Turn   | Place    | Note
-------+----------+-------------------------------------------
     0 | D:1      | Infinimo the Demonspawn Wizard began the quest for the Orb.
     0 | D:1      | Reached XP level 1. HP: 13/13 MP: 4/4
   147 | D:1      | Reached skill level 2 in Conjurations
   348 | D:1      | Gained mutation: You regenerate a little health from kills. [demonic ancestry]
   348 | D:1      | Reached XP level 2. HP: 19/19 MP: 3/6
   933 | D:1      | Reached skill level 3 in Conjurations
   947 | D:1      | Gained mutation: You are partially covered in thin metallic scales. (AC +2) [demonic ancestry]
   947 | D:1      | Reached XP level 3. HP: 24/24 MP: 4/7
  1127 | D:1      | You fall through a shaft!
  1215 | D:2      | Found a glowing silver altar of Zin.
  1322 | D:2      | Gained mutation: You are slightly more attuned to the shadows. [demonic ancestry]
  1322 | D:2      | Reached XP level 4. HP: 27/30 MP: 3/8
  1425 | D:2      | Reached skill level 4 in Conjurations
  1442 | D:2      | Noticed Ijyb
  1507 | D:2      | Killed Ijyb
  1645 | D:2      | Noticed Jessica
  1647 | D:2      | Killed Jessica
  1860 | D:1      | Reached XP level 5. HP: 35/35 MP: 7/9
  1864 | D:1      | Learned a level 2 spell: Blink
  1868 | D:1      | Learned a level 3 spell: Conjure Flame
  1871 | D:1      | Learned a level 2 spell: Repel Missiles
  2075 | D:2      | Reached skill level 5 in Conjurations
  2141 | D:2      | Found a faded altar of an unknown god.
  3075 | D:3      | Reached skill level 6 in Conjurations
  3075 | D:3      | Reached XP level 6. HP: 30/41 MP: 3/10
  4074 | D:3      | Reached skill level 7 in Conjurations
  4404 | D:3      | Gained mutation: You are mostly covered in thin metallic scales. (AC +3) [demonic ancestry]
  4404 | D:3      | Reached XP level 7. HP: 32/46 MP: 4/11
  4770 | D:3      | Learned a level 3 spell: Mephitic Cloud
  4942 | D:3      | Found a basalt altar of Yredelemnul.
  5175 | D:3      | Noticed Banto's ghost (amateur HESk)
  6017 | D:4      | Noticed Leszczynek's ghost (weakling MfWr)
  6462 | D:4      | Killed Leszczynek's ghost
  6462 | D:4      | Reached skill level 5 in Spellcasting
  6675 | D:4      | Found a glowing golden altar of the Shining One.
  6780 | D:4      | Noticed Menkaure
  7171 | D:4      | Reached skill level 8 in Conjurations
  7198 | D:4      | Found a shimmering altar of Xom.
  7231 | D:5      | Entered Level 5 of the Dungeon
  7357 | D:5      | Reached skill level 1 in Shields
  7362 | D:5      | Noticed Grinder
  7366 | D:5      | Paralysed by Grinder for 3 turns
  7377 | D:5      | Gained mutation: You have a pair of small horns on your head. [demonic ancestry]
  7377 | D:5      | Reached XP level 8. HP: 52/52 MP: 10/15
  7390 | D:5      | Killed Grinder
  7808 | D:5      | Noticed Naow's ghost (novice FoFi)
  7825 | D:5      | Mangled by a wyvern skeleton

Vault maps used:
D:1:      erik_arrival_gehennom, minmay_statues_item
D:2:      nicolae_overflow_crystal_walls, ecumenical_altar_1,
          serial_bayou_lagoon_b, uniq_iyjb, uniq_jessica
D:3:      minmay_goblin_kobold_castle, first_bread, lemuel_tele_altar
D:4:      kennysheep_mini, lemuel_crystal_altar, uniq_menkaure
D:5:      dancing_weapons_uskayaw, kennysheep_mini_moat, uniq_grinder

Skill      XL: |  1  2  3  4  5  6  7  8 |
---------------+-------------------------+-----
Conjurations   | 2 3 4 6 7 8 |  8.0
Spellcasting   | 5 |  5.0
Shields        | 1 4 |  4.1
Dodging        | |  1.7
Stealth        | |  1.7
Summonings     | |  1.0
Translocations | |  0.8

Action                   |  1- 3 |  4- 6 |  7- 9 || total
-------------------------+-------+-------+-------++-------
Melee: Club              |     3 |       |       ||     3
       Unarmed           |     1 |       |       ||     1
       Hand axe          |     9 |    47 |       ||    56
       Dagger            |       |    26 |    26 ||    52
 Cast: Magic Dart        |    65 |   186 |   246 ||   497
       Conjure Flame     |       |     1 |     5 ||     6
       Blink             |       |     1 |     2 ||     3
       Repel Missiles    |       |       |     1 ||     1
  Use: Scroll            |       |     5 |     1 ||     6
       Potion            |       |     2 |     1 ||     3
  Eat: Chunk             |       |    11 |     8 ||    19
       Bread ration      |       |       |     2 ||     2
Armor: Robe              |     6 |    42 |    30 ||    78
Dodge: Dodged            |    18 |    85 |    72 ||   175
       Deflected         |       |       |     1 ||     1
Block: Buckler           |       |    13 |    14 ||    27
